 Dungeon Crawl Stone Soup version 0.29-a0-887-gcbe080d7e0 (webtiles) character file.

Game seed: 17676929164872734448

527 Gwenloh the Conjurer (level 7, -8/36 HPs)
             Began as a Deep Elf Conjurer on July 22, 2022.
             Mangled by a small abomination (9 damage)
             ... on level 4 of the Dungeon.
             The game lasted 00:08:31 (2655 turns).

Gwenloh the Conjurer (Deep Elf Conjurer)            Turns: 2655, Time: 00:08:32

Health: -8/36      AC:  3    Str:  4    XL:     7   Next: 2%
Magic:  13/17      EV: 14    Int: 23    God:
Gold:   157        SH:  0    Dex: 15    Spells: 3/17 levels left

rFire   . . .      SeeInvis .   g - staff of conjuration
rCold   . . .      Faith    .   (no shield)
rNeg    + . .      Spirit   .   a - +0 robe
rPois   .          Reflect  .   (no helmet)
rElec   .          Harm     .   t - +0 cloak
rCorr   .          Rampage  .   (no gloves)
Will    .....                   (no boots)
Stlth   +++.......              k - amulet of magic regeneration
HPRegen 0.12/turn               B - ring of positive energy
MPRegen 0.55/turn               (no ring)

@: no status effects
A: no striking features
a: no special abilities


You were on level 4 of the Dungeon.
You visited 1 branch of the dungeon, and saw 4 of its levels.

You collected 157 gold pieces.

Inventory:

Hand Weapons
 c - a +0 rapier
Armour
 a - a +0 robe (worn)
 t - a +0 cloak (worn)
Magical Staves
 g - a staff of conjuration (weapon)
Jewellery
 k - an amulet of magic regeneration (around neck)
 B - a ring of positive energy (left hand)
Wands
 u - a wand of paralysis (5)
Scrolls
 f - a scroll of amnesia {unknown}
 i - 4 scrolls of identify {unknown}
 m - a scroll of enchant weapon {unknown}
 o - a scroll of noise {unknown}
 r - a scroll of teleportation
 s - a scroll of fog {unknown}
 v - a scroll of brand weapon {unknown}
 y - a scroll of torment {unknown}
 z - a scroll of summoning {unknown}
 A - a scroll of blinking {unknown}
Potions
 b - a potion of magic
 d - 3 potions of lignification {unknown}
 e - a potion of brilliance {unknown}
 h - 3 potions of heal wounds {unknown}
 j - a potion of berserk rage {unknown}
 l - 2 potions of curing {unknown}
 n - a potion of mutation {unknown}
 p - a potion of invisibility {unknown}
 q - 2 potions of degeneration {unknown}
 w - a potion of attraction {unknown}
 x - a potion of resistance {unknown}


   Skills:
 * Level 5.1 Dodging
 + Level 4.2 Stealth
 * Level 5.6 Spellcasting
 * Level 6.0 Conjurations
 + Level 2.7 Hexes


You had 3 spell levels left.
You knew the following spells:

 Your Spells              Type           Power      Damage    Failure   Level
a - Magic Dart            Conj           100%       1d8       1%          1
b - Searing Ray           Conj           100%       2d8       1%          2
c - Dazzling Flash        Conj/Hex       78%        N/A       4%          3
d - Fulminant Prism       Conj/Hex       19%        3d11      14%         4
e - Iskenderun's Mystic   Conj/Tloc      30%        2d8       26%         4

Your spell library contained the following spells:

 Spells                   Type           Power      Damage    Failure   Level
 Fireball                 Conj/Fire      15%        3d8       56%         5
 Starburst                Conj/Fire      15%        6d6       98%         6
 Ignition                 Fire           3%         3d4       100%        8


Dungeon Overview and Level Annotations

Branches:
Dungeon (4/15)
 Temple: D:4-7

Altars:
Uskayaw

Portals:
Abyss: D:4


Message History

The searing ray hits Protee's ghost.
Protee's ghost is severely damaged.
Protee's ghost hits you.
The searing ray hits Protee's ghost.
Protee's ghost is severely damaged.
Protee's ghost draws life force from you.
Protee's ghost is healed by the life force!
The searing ray hits Protee's ghost!
You destroy Protee's ghost!
You finish channelling your searing ray.
Your Dodging skill increases to level 5!
Your Conjurations skill increases to level 6!
You have reached level 7!
There is a transporter here.
You enter the transporter and appear at another place.
The small abomination hits you!!
Ouch! That really hurt!
Casting: Searing Ray (safe; 1% risk of failure)
Confirm with . or Enter, or press ? or * to list all spells.
Aiming: Searing Ray (safe; 1% risk of failure)
Press: ? - help, Shift-Dir - straight line, f - small abomination
Aim: a small abomination (87% to hit)
You feel a surge of power!
The searing ray hits the small abomination!
The small abomination is moderately damaged. (Press . to maintain the ray.)
The small abomination barely misses you.
The searing ray hits the small abomination.
The small abomination is heavily damaged.
The small abomination hits you!
* * * LOW HITPOINT WARNING * * *
The searing ray hits the small abomination.
The small abomination is severely damaged.
The small abomination hits you.
* * * LOW HITPOINT WARNING * * *
The searing ray hits the small abomination.
The small abomination is severely damaged.
You finish channelling your searing ray.
The small abomination hits you!
You die...

.........###....####........#
........##:##..##..####.....##
.......©#xx.##.# #.?..#......##
........####.###..##.##.......###
#....#...# .#.[.######...........
#...#....###...###...............
#..........#.##.#............####
#....#.....#[..##..###.......#
#.........##.#.#@.##.##...####
#....#...##.##.##x#..###..###
.........#.#.^..####K∩##....##
........##.####....#.##...#..#
........#©#..####.#.©#...)##.#
........#.###..###.#.#...)##.#
........###.##.####.##.....#.##
.............###..###......#..#
.....#......................#.###


You could see a small abomination.

Vanquished Creatures
  Menkaure (D:4)
  The ghost of Protee the Grave Robber, an amateur VSNe (D:4)
  A black bear (D:4)
  An ogre (D:4)
  A hound (D:3)
  5 adders
  A white imp (D:4)
  An ufetubus (D:4)
  An orc (D:3)
  3 endoplasms
  2 giant cockroaches (D:4)
  9 goblins
  6 hobgoblins
  A quokka (D:4)
  3 ball pythons
  6 bats
  3 frilled lizards
  10 kobolds
  5 rats
61 creatures vanquished.

Vanquished Creatures (others)
  4 fulminant prisms (D:4)
4 creatures vanquished.

Grand Total: 65 creatures vanquished

Notes
Turn   | Place    | Note
-------+----------+-------------------------------------------
     0 | D:1      | Gwenloh the Deep Elf Conjurer began the quest for the Orb.
     0 | D:1      | Reached XP level 1. HP: 10/10 MP: 6/6
   421 | D:1      | Reached XP level 2. HP: 15/15 MP: 2/8
   424 | D:1      | Learned a level 2 spell: Searing Ray
  1183 | D:2      | Reached XP level 3. HP: 19/19 MP: 7/10
  1352 | D:2      | Found a faded altar of an unknown god.
  1502 | D:2      | Learned a level 3 spell: Dazzling Flash
  1737 | D:3      | Reached XP level 4. HP: 24/24 MP: 9/12
  1742 | D:3      | Learned a level 4 spell: Fulminant Prism
  1997 | D:4      | Noticed an ogre
  2000 | D:4      | Killed an ogre
  2001 | D:4      | Reached skill level 5 in Conjurations
  2001 | D:4      | Reached skill level 1 in Hexes
  2001 | D:4      | Reached XP level 5. HP: 28/28 MP: 7/13
  2004 | D:4      | Noticed Protee's ghost (amateur VSNe)
  2011 | D:4      | Found a transporter.
  2011 | D:4      | Noticed a small abomination
  2047 | D:4      | Found a transporter.
  2082 | D:4      | Noticed Menkaure
  2088 | D:4      | Killed Menkaure
  2089 | D:4      | Reached skill level 5 in Spellcasting
  2089 | D:4      | Reached XP level 6. HP: 30/32 MP: 6/15
  2094 | D:4      | Learned a level 4 spell: Iskenderun's Mystic Blast
  2505 | D:4      | Found a hide-covered altar of Uskayaw.
  2568 | D:4      | Found a one-way gate to the infinite horrors of the Abyss.
  2646 | D:4      | Killed Protee's ghost
  2647 | D:4      | Reached skill level 5 in Dodging
  2647 | D:4      | Reached skill level 6 in Conjurations
  2647 | D:4      | Reached XP level 7. HP: 28/36 MP: 13/17
  2654 | D:4      | HP: 1/36 [small abomination (2)]
  2655 | D:4      | Mangled by a small abomination

Illustrated notes

Levels and vault maps discovered:
D:1:      nicolae_arrival_memento_mori, layout_basic
D:2:      layout_loops_cross, hellmonk_ecumenical_altar_lost_god
D:3:      layout_rooms
D:4:      layout_rooms, general_overflow_altar, gammafunk_ghost_abyssal_escape,
          uniq_menkaure

Skill      XL: |  1  2  3  4  5  6 |
---------------+-------------------+-----
Dodging        | 3 4 5 |  5.1
Stealth        | 3 4 |  4.2
Spellcasting   | 4 5 |  5.6
Conjurations   | 5 6 |  6.0
Hexes          | 1 2 |  2.7

Action                   |  1- 3 |  4- 6 |  7- 9 || total
-------------------------+-------+-------+-------++-------
Melee: Staff             |     3 |     1 |       ||     4
 Cast: Magic Dart        |    57 |    39 |       ||    96
       Searing Ray       |     2 |     9 |     1 ||    12
       Fulminant Prism   |       |     4 |       ||     4
Armor: Robe              |     2 |     3 |       ||     5
Dodge: Dodged            |       |     8 |     1 ||     9

Table legend: (Time is in decaauts)
 A = Elapsed time spent in this place.
 B = Non-inter-level travel time spent in this place.
 C = Inter-level travel time spent in this place.
 D = Time resting spent in this place.
 E = Time spent auto-exploring this place.
 F = Levels seen in this place.
 G = Mean time per level.
                   A        B        C        D        E       F      G
               +--------+--------+--------+--------+--------+-----+--------+
         Total |   2653 |   2565 |     88 |      0 |   2219 |   4 |  663.2 |
       Dungeon |   2653 |   2565 |     88 |      0 |   2219 |   4 |  663.2 |
               +--------+--------+--------+--------+--------+-----+--------+

Top non-repeatable levels by time:
     D:1: 926 daAuts
     D:4: 750 daAuts
     D:2: 576 daAuts
     D:3: 400 daAuts
